 Dungeon Crawl Stone Soup version 0.30-a0-358-g0d69a1922f (webtiles) character file.

Game seed: 17062409764275868299

114878 MrRokkomies the Distorting Meteoran (level 17, -10/140 HPs)
             Began as a Meteoran Cinder Acolyte on Nov 11, 2022.
             Was a Believer of Lugonu.
             Mangled by Arachne
             ... wielding a staff of poison
              (19 damage)
             ... on level 2 of the Spider Nest.
             The game lasted 01:08:56 (12834 turns).

MrRokkomies the Distorting Meteoran (MeCA)         Turns: 12834, Time: 01:08:57

Health: -10/140    AC: 16    Str: 29    XL:     17   Next: 81%
Magic:  5/31       EV: 11    Int: 18    God:    Lugonu [**....]
Gold:   233        SH:  0    Dex: 22    Spells: 4/28 levels left

rFire   + . .      SeeInvis .    a - +9 scimitar (distort)
rCold   + . .      Faith    .    U - +1 buckler {AC+3}
rNeg    . . .      Spirit   .    G - +2 steam dragon scales of Gaithi {rElec Str+4 Int+3}
rPois   +          Reflect  .    j - +1 helmet
rElec   +          Harm     .    K - scarf {repulsion}
rCorr   .          Rampage  .    D - +0 pair of gloves
Will    ++...                    i - +2 pair of boots of Jesiv {rF+ rC+ Stlth+}
Stlth   +.........               g - amulet of regeneration
HPRegen 1.23/turn                d - ring of Vinkef {*Slow Fly Str+6 Dex+6 Slay+3}
MPRegen 0.22/turn                F - ring of poison resistance

@: flying, very slightly contaminated, held, glowing, repel missiles
A: sense surroundings 2, otherworldly, glowing, explore regen
a: Renounce Religion, Depart the Abyss, Banish


You were on level 2 of the Spider Nest.
You worshipped Lugonu.
Lugonu was pleased with you.
You visited 5 branches of the dungeon, and saw 25 of its levels.
You visited the Abyss 1 time.
You also visited: Trove and Bailey.

You collected 1714 gold pieces.
You spent 1481 gold pieces at shops.

Inventory:

Hand Weapons
 a - a +9 scimitar of distortion (weapon)
 b - the +10 zealot's sword {holy, *Rage rN+ EV+3}
   (You found it in a treasure trove)

   It has been blessed by the Shining One to cause great damage to the undead
   and demons.
   Whenever the wielder enters a berserk rage, their allies are berserked
   alongside them.
   EV:        It affects your evasion (+3).
   rN:        It protects you from negative energy.
   *Rage:     It berserks you when you make melee attacks (+20% chance).
 m - the +8 triple sword "Noilam" {vorpal, Will+}
   (You found it in a treasure trove)

   It inflicts extra damage upon your enemies.
   Will:      It increases your willpower.
 t - a +3 double sword of holy wrath
 v - a +4 triple sword of venom
 z - a -1 falchion of flaming
Missiles
 c - 52 poisoned darts (quivered)
 H - 4 curare-tipped darts
 O - 5 datura-tipped darts
 Q - 2 throwing nets
Armour
 i - the +2 pair of boots of Jesiv (worn) {rF+ rC+ Stlth+}
   (You acquired it on level 4 of the Dungeon)

   rF:        It protects you from fire.
   rC:        It protects you from cold.
   Stlth:     It makes you more stealthy.
 j - a +1 helmet (worn)
 D - a +0 pair of gloves (worn)
 G - the +2 steam dragon scales of Gaithi (worn) {rElec Str+4 Int+3}
   (You found it on level 5 of the Lair of Beasts)

   Str:       It affects your strength (+4).
   Int:       It affects your intelligence (+3).
   rElec:     It insulates you from electricity.
 K - a scarf of repulsion (worn)
 U - a +1 buckler of protection (worn)
Magical Staves
 h - a staff of poison
Jewellery
 d - the ring of Vinkef (left hand) {*Slow Fly Str+6 Dex+6 Slay+3}
   (You bought it in a shop on level 15 of the Dungeon)

   [ring of dexterity]

   Str:       It affects your strength (+6).
   Dex:       It affects your dexterity (+6).
   Slay:      It affects your accuracy & damage with ranged weapons and melee
   (+3).
   Fly:       It grants you flight.
   *Slow:     It may slow you when you take damage.
 f - a +6 ring of strength
 g - an amulet of regeneration (around neck)
 w - a ring of see invisible
 C - a ring of protection from cold
 F - a ring of poison resistance (right hand)
 T - a ring of resist corrosion
 V - a ring of protection from fire
 W - a +4 ring of protection
 Y - a ring of willpower
Wands
 J - a wand of paralysis (23)
 L - a wand of polymorph (8)
 M - a wand of flame (17)
 N - a wand of roots (8)
 Z - a wand of mindburst (5)
Scrolls
 n - 2 scrolls of summoning
 o - a scroll of immolation
 p - 5 scrolls of teleportation
 r - 5 scrolls of enchant armour
 u - 2 scrolls of identify
 A - 4 scrolls of butterflies
 B - 3 scrolls of fear
 I - 3 scrolls of amnesia
 X - a scroll of poison
Potions
 e - 2 potions of might
 k - 6 potions of curing
 l - a potion of haste
 q - 5 potions of mutation
 x - a potion of flight
 E - 3 potions of attraction
 R - 2 potions of lignification
 S - 3 potions of brilliance


   Skills:
 - Level 10.0 Fighting
 - Level 14.0 Long Blades
 - Level 13.5 Dodging
 + Level 6.7 Shields
 - Level 6.1 Spellcasting
 * Level 14.0 Conjurations
 - Level 7.1 Fire Magic
 + Level 9.9 Earth Magic
 - Level 5.0 Poison Magic
 * Level 19.8 Invocations


You had 4 spell levels left.
You knew the following spells:

 Your Spells              Type           Power      Damage    Failure   Level
a - Olgreb's Toxic Radia  Pois           23%        N/A       19%         4
b - Scorch                Fire           62%        2d8       1%          2
c - Iron Shot             Conj/Erth      24%        9d5       17%         6
d - Iskenderun's Battles  Conj           54%        2d10      1%          5
e - Orb of Destruction    Conj           27%        9d9       38%         7

Your spell library contained the following spells:

 Spells                   Type           Power      Damage    Failure   Level
 Passwall                 Tmut/Erth      19%        N/A       3%          2
 Mephitic Cloud           Conj/Pois/Air  28%        N/A       3%          3
 Poisonous Vapours        Pois/Air       28%        N/A       9%          2
 Cigotuvi's Dreadful Rot  Necr/Pois/Air  22%        N/A       12%         2
 Beastly Appendage        Tmut           10%        N/A       16%         1
 Spider Form              Tmut/Pois      14%        N/A       16%         3
 Petrify                  Tmut/Erth      23%        N/A       19%         4
 Ensorcelled Hibernation  Hex/Ice        10%        N/A       22%         2
 Sublimation of Blood     Necr           5%         N/A       22%         2
 Wereblood                Tmut           5%         N/A       22%         2
 Summon Guardian Golem    Hex/Summ       5%         N/A       41%         3
 Swiftness                Air            5%         N/A       41%         3
 Statue Form              Tmut/Erth      15%        N/A       96%         6
 Metabolic Englaciation   Hex/Ice        2%         N/A       99%         5
 Ozocubu's Refrigeration  Ice            2%         4d8       100%        7
 Spellforged Servitor     Conj/Summ      15%        N/A       100%        7
 Summon Hydra             Summ           2%         N/A       100%        7
 Ignition                 Fire           15%        3d6       100%        8


Dungeon Overview and Level Annotations

Branches:
Dungeon (15/15) Zot: 534   Temple (1/1) D:5 Zot: 598    Lair (5/5) D:11 Zot: 359
 Spider (2/4) Lair:3 Zot: 847     Orc (2/2) D:12 Zot: 551     Elf (0/3) Orc:2
 Vaults (0/5) D:13         Depths (0/4) D:15         Bailey (visited)
  Swamp: Lair:2-3    Shoals: Lair:2-3     Slime: Lair:4-5

Altars:
Ashenzari
Cheibriados
Dithmenos
Elyvilon
Fedhas
Gozag
Hepliaklqana
Kikubaaqudgha
Makhleb
Nemelex Xobeh
Okawaru
Qazlal
Ru
Sif Muna
Trog
Uskayaw
Vehumet
Wu Jian
Xom
Yredelemnul
Zin
The Shining One

Shops:
D:1 [   D:2 *   D:15 =   Orc:2 [?=

Annotations:
Lair:2 exclusion: oklob plant
Lair:5 exclusion: oklob plant
Spider:2 Arachne
Abyss:1 Asterion


Innate Abilities, Weirdness & Mutations

You passively map the area around you.
You are easily found by Zot.
You glow in the dark.
You regain HP and MP as you explore.


Message History

Confirm with . or Enter, or press ? or * to list all spells.
Aiming: Iron Shot (dangerous; 17% risk of failure)
Press: ? - help, Shift-Dir - straight line, f/p - Arachne
Aim: Arachne, wielding a staff of poison (moderately wounded, 71% to hit)
The iron shot misses Arachne.
Casting: Iron Shot (dangerous; 17% risk of failure)
Confirm with . or Enter, or press ? or * to list all spells.
Aiming: Iron Shot (dangerous; 17% risk of failure)
Press: ? - help, Shift-Dir - straight line, f/p - Arachne
Aim: Arachne, wielding a staff of poison (translocational energy, moderately wounded, 71% to hit)
You miscast Iron Shot.
You are very lightly contaminated with residual magic.
Nothing appears to happen.
Arachne hits you with a staff of poison!
Arachne envenoms you.
Arachne hits you with a staff of poison!
* * * LOW HITPOINT WARNING * * *
Arachne envenoms you!
* * * LOW HITPOINT WARNING * * *
You slash Arachne!
Space warps around Arachne.
Arachne is heavily wounded.
You block Arachne's attack.
You slash Arachne!
Space warps around Arachne.
Arachne is heavily wounded.
Arachne hits you with a staff of poison!
* * * LOW HITPOINT WARNING * * *
Arachne envenoms you.
* * * LOW HITPOINT WARNING * * *
Save game and exit?
Level annotation: Arachne Welcome back, MrRokkomies the Meteoran Cinder Acolyte.
Lugonu says: Spread carnage and corruption!
Press ? for a list of commands and other information.
As you read the scroll of summoning, it crumbles to dust.
Wisps of shadow whirl around you...
Arachne's staff shoots out a stream of webbing.
The stream of webbing hits you but does no damage.
You are caught in a web!
Arachne hits you with a staff of poison!!
You die...

###*########* * *
#..##...s..# ,
#..<#..s...# , ,
##..#...s..# , * ,
#.......w#### , * ,
##....##Hs#.# , * ,
#^...#s.@..s# **
######...w.#.†.†.#,,*
* ###.###*##...
#.##,,, . ##*,, , ,,
* *, * , * , *,,, , *
, , , ** , * , *


You could see Arachne (ally target), a friendly emperor scorpion (summoned), 2
friendly torpor snails, a friendly jumping spider (summoned) and 4 friendly
redbacks.

Vanquished Creatures
  Mlioglotl (Spider:1)
  Kirke (D:12)
  A broodmother (Spider:1)
  A stone giant (D:15)
  A spark wasp (Spider:1)
  A yaktaur captain (D:13)
  Erolcha (D:9)
  A hydra (D:14)
  5 centaur warriors
  A radroach (Spider:1)
  A tengu warrior (D:15)
  3 ogre magi (Orc:2)
  A two-headed ogre (D:12)
  A deep troll shaman (Lair:5)
  3 death yaks (Lair:5)
  A deep troll earth mage (D:12)
  3 boulder beetles
  Urug (D:13)
  Sonja (Lair:5)
  A skeletal warrior (D:12)
  Amaemon (D:9)
  A deep troll (D:15)
  A steelbarb worm (Spider:1)
  A wizard (D:14)
  An orc knight (D:15)
  A phantasmal warrior (D:15)
  A necromancer (D:15)
  A lindwurm (Lair:5)
  Pikel (D:5)
  2 deep elf pyromancers (D:12)
  6 orc sorcerers (Orc:2)
  10 wolf spiders
  17 ugly things
  2 manticores
  6 cyclopes
  A black mamba (Lair:5)
  7 centaur zombies (D:10)
  21 elephants
  A black mamba (shapeshifter) (D:15)
  6 gargoyles
  Maurice (D:13)
  A torpor snail (Lair:1)
  An orange demon (D:9)
  3 cane toads
  An unseen horror (D:13)
  16 komodo dragons
  4 demonic crawlers
  A rime drake (Lair:5)
  7 yaktaurs
  An efreet (D:12)
  2 freezing wraiths (D:15)
  An unseen horror zombie (D:10)
  A queen bee (shapeshifter) (D:14)
  4 trolls
  A tengu conjurer (D:15)
  3 meliai (D:13)
  7 polar bears
  10 tarantellas
  Prince Ribbit (D:9)
  9 blink frogs
  A meliai zombie (D:10)
  8 slime creatures
  12 jumping spiders
  11 culicivoras
  7 shadows
  A water elemental (D:14)
  A vampire (D:11)
  A fire elemental (D:9)
  42 yaks
  4 wraiths
  A wyvern (D:9)
  A human (D:13)
  4 basilisks
  A hog (D:12)
  2 steam dragons
  6 vampire mosquitoes
  18 redbacks
  A warg (Orc:2)
  4 acid dragons
  9 water moccasins
  An ice beast (D:6)
  2 black bears
  21 orc warriors
  5 wolves (Lair:5)
  10 centaurs
  4 phantoms
  A lemure (D:4)
  3 kobold brigands
  5 scorpions
  8 bullfrogs
  5 wights (D:7)
  A howler monkey (D:12)
  An electric eel (D:14)
  4 hounds
  A jelly (D:5)
  2 gnoll boudas
  5 orc priests
  Jessica (D:2)
  An iguana (D:5)
  25 orc wizards
  2 howler monkey zombies (D:10)
  Robin (D:3)
  5 gnolls
  5 adders
  2 shadow imps
  2 worms (Lair:3)
  4 dart slugs
  71 orcs
  6 ball pythons
  2 bats (D:1)
  6 endoplasms
  11 giant cockroaches
  16 goblins
  5 hobgoblins
  3 jackals (D:5)
  A quokka (D:4)
  A frilled lizard (D:2)
  24 kobolds
  2 rats (D:1)
603 creatures vanquished.

Vanquished Creatures (collateral kills)
  A catoblepas (Lair:5)
  5 death yaks (Lair:5)
  A wolf spider (Spider:1)
  A redback (Spider:1)
8 creatures vanquished.

Vanquished Creatures (others)
  An ugly thing (D:15)
  3 humans
  An orc wizard (Orc:2)
  13 foxfires (D:9)
  5 fungi (Lair:5)
  25 plants
48 creatures vanquished.

Grand Total: 659 creatures vanquished

Notes
Turn   | Place    | Note
-------+----------+-------------------------------------------
     0 | D:1      | MrRokkomies the Meteoran Cinder Acolyte began the quest for
                  | the Orb.
     0 | D:1      | Reached XP level 1. HP: 19/19 MP: 3/3
    85 | D:1      | Reached XP level 2. HP: 16/26 MP: 5/5
    92 | D:1      | Found a faded altar of an unknown god.
   294 | D:1      | Reached XP level 3. HP: 30/33 MP: 6/6
   325 | D:1      | Found Sagaa's Antique Armour Emporium.
   472 | D:2      | Noticed Jessica
   479 | D:2      | Killed Jessica
   480 | D:2      | Reached skill level 1 in Dodging
   480 | D:2      | Reached XP level 4. HP: 31/40 MP: 7/7
   930 | D:2      | Found Netrakk's General Store.
  1089 | D:2      | Glimpsed the power of Zot.
  1113 | D:3      | Reached XP level 5. HP: 36/47 MP: 8/8
  1143 | D:3      | Noticed Robin
  1156 | D:3      | Killed Robin
  1787 | D:4      | Noticed a phantom
  1806 | D:4      | Killed a phantom
  1807 | D:4      | Reached skill level 5 in Long Blades
  1807 | D:4      | Reached XP level 6. HP: 33/55 MP: 9/9
  1830 | D:4      | Identified a scroll of acquirement
  1830 | D:4      | Acquired the +2 pair of boots of Jesiv {rF+ rC+ Stlth+}
  2045 | D:4      | Reached skill level 5 in Fighting
  2138 | D:5      | Entered Level 5 of the Dungeon
  2138 | D:5      | Noticed Pikel
  2309 | D:5      | Reached XP level 7. HP: 55/61 MP: 10/10
  2326 | D:5      | Killed Pikel
  2327 | D:5      | Reached skill level 5 in Fire Magic
  2327 | D:5      | Reached XP level 8. HP: 47/71 MP: 11/11
  2352 | D:5      | Found a staircase to the Ecumenical Temple.
  2560 | Temple   | Entered the Ecumenical Temple
  2871 | D:6      | Gained mutation: You passively map the area around you.
                  | [Meteoran growth]
  2871 | D:6      | Reached XP level 9. HP: 77/79 MP: 12/12
  3417 | D:6      | Found a stormy altar of Qazlal.
  3477 | D:7      | Found a flagged portal.
  3498 | Bailey   | Entered a bailey
  3594 | Bailey   | Reached skill level 5 in Dodging
  3801 | D:7      | Reached XP level 10. HP: 79/89 MP: 13/13
  4081 | D:8      | Identified the +7 whip of Vatsy {protect, *Slow Str+4
                  | Int+7}
  4131 | D:8      | Reached skill level 10 in Long Blades
  4160 | D:8      | Found a hide-covered altar of Uskayaw.
  4160 | D:8      | Found a broken altar of Ashenzari.
  4300 | D:8      | Reached skill level 10 in Fighting
  4310 | D:8      | Learned a level 4 spell: Olgreb's Toxic Radiance
  4578 | D:8      | Noticed a cyclops
  4803 | D:9      | Noticed Prince Ribbit
  4826 | D:9      | Learned a level 2 spell: Scorch
  4827 | D:9      | Killed Prince Ribbit
  4861 | D:9      | Noticed an orange demon
  4870 | D:9      | Noticed Amaemon
  4878 | D:9      | Killed Amaemon
  4879 | D:9      | Reached XP level 11. HP: 81/99 MP: 15/17
  4980 | D:9      | You fall into a shaft and drop 3 floors!
  5023 | D:10     | Entered Level 10 of the Dungeon
  5040 | D:10     | HP: 2/99 [gargoyle/+0 mace (15)]
  5058 | D:9      | Noticed Erolcha
  5080 | Abyss:1  | Found a corrupted altar of Lugonu.
  5080 | Abyss:1  | Cast into level 1 of the Abyss (Erolcha)
  5084 | Abyss:1  | Fell from the grace of Ignis
  5084 | Abyss:1  | Became a worshipper of Lugonu the Unformed
  5084 | Abyss:1  | Reached * piety under Lugonu
  5120 | D:9      | Escaped the Abyss
  5134 | D:9      | Killed Erolcha
  5135 | D:9      | Reached skill level 5 in Spellcasting
  5135 | D:9      | Reached skill level 2 in Invocations
  5318 | D:10     | Reached skill level 3 in Invocations
  5338 | D:10     | Reached skill level 4 in Invocations
  5441 | D:9      | Reached skill level 5 in Invocations
  5590 | D:10     | Reached skill level 6 in Invocations
  5590 | D:10     | Reached XP level 12. HP: 56/106 MP: 8/22
  5658 | D:10     | Reached skill level 1 in Poison Magic
  5700 | D:10     | Found an ancient bone altar of Kikubaaqudgha.
  5727 | D:10     | Reached skill level 7 in Invocations
  5768 | D:10     | Reached ** piety under Lugonu
  6012 | D:11     | Found a staircase to the Lair.
  6348 | D:11     | Reached skill level 8 in Invocations
  6387 | D:11     | You fall into a shaft and drop 3 floors!
  6680 | D:13     | Noticed a centaur warrior
  6694 | D:13     | Killed a centaur warrior
  6695 | D:13     | Reached skill level 9 in Invocations
  6735 | D:13     | Noticed a centaur warrior
  6818 | Lair:1   | Entered Level 1 of the Lair of Beasts
  6867 | Lair:1   | Reached XP level 13. HP: 113/113 MP: 18/23
  6871 | Lair:1   | Reached skill level 10 in Dodging
  6877 | Lair:1   | Reached skill level 10 in Invocations
  6877 | Lair:1   | Reached *** piety under Lugonu
  7047 | Lair:2   | Reached skill level 5 in Poison Magic
  7055 | Lair:2   | Reached skill level 13 in Invocations
  7055 | Lair:2   | Reached XP level 14. HP: 121/121 MP: 23/25
  7063 | Lair:2   | Learned a level 6 spell: Iron Shot
  7206 | Lair:2   | Reached skill level 1 in Conjurations
  7223 | Lair:2   | Reached skill level 1 in Earth Magic
  7397 | Lair:2   | Reached skill level 14 in Invocations
  7798 | Lair:2   | You fall into a shaft and drop 2 floors!
  7930 | Lair:3   | Found a hole to the Spider Nest.
  7940 | Lair:3   | Reached **** piety under Lugonu
  8028 | Lair:3   | Reached skill level 5 in Conjurations
  8174 | Lair:2   | HP: 5/121 [cane toad (14)]
  8287 | Lair:3   | Reached skill level 15 in Invocations
  8529 | Lair:3   | You fall into a shaft and drop 2 floors!
  8529 | Lair:5   | Entered Level 5 of the Lair of Beasts
  8564 | Lair:5   | Reached XP level 15. HP: 103/126 MP: 24/27
  8681 | Lair:5   | Noticed Sonja
  8690 | Lair:5   | Killed Sonja
  8691 | Lair:5   | Reached skill level 5 in Earth Magic
  8958 | Lair:5   | Reached skill level 16 in Invocations
  9253 | Lair:5   | Identified the +2 steam dragon scales of Gaithi {rElec
                  | Str+4 Int+3}
  9259 | Lair:5   | Identified the +3 leather armour "Qewiz" {Rampage rF+
                  | Int+5}
  9375 | Lair:3   | You fall into a shaft and drop 1 floor!
  9602 | D:12     | Found a staircase to the Orcish Mines.
  9643 | D:12     | Reached ***** piety under Lugonu
  9718 | Orc:1    | Entered Level 1 of the Orcish Mines
  9919 | Orc:2    | Entered Level 2 of the Orcish Mines
  9961 | Orc:2    | Was forgiven by Ignis
 10010 | Orc:2    | Paralysed by an orc sorcerer for 5 turns
 10039 | Orc:2    | Found Meitseb's Antique Armour Boutique.
 10082 | Orc:2    | Found a radiant altar of Vehumet.
 10092 | Orc:2    | Reached skill level 17 in Invocations
 10139 | Orc:2    | Found a staircase to the Elven Halls.
 10151 | Orc:2    | HP: 5/126 [something (14)]
 10154 | Orc:2    | Reached skill level 10 in Conjurations
 10178 | Orc:2    | Found a burning altar of Makhleb.
 10221 | Orc:2    | Found Lenaahifri's Jewellery Shop.
 10236 | Orc:2    | Reached XP level 16. HP: 124/134 MP: 17/29
 10260 | Orc:2    | Found an ancient bone altar of Kikubaaqudgha.
 10274 | Orc:2    | Found Bonony's Magic Scroll Boutique.
 10309 | Orc:2    | Found Lihismef's Antique Weapon Boutique.
 10366 | Orc:2    | Bought an embroidered scarf for 264 gold pieces
 10366 | Orc:2    | Bought a runed buckler for 247 gold pieces
 10563 | D:12     | Reached skill level 1 in Shields
 10986 | D:13     | Noticed Kirke
 10987 | D:13     | Noticed Urug
 11008 | D:12     | Killed Kirke
 11018 | D:13     | Noticed Maurice
 11031 | D:13     | Killed Urug
 11042 | D:13     | Killed Maurice
 11052 | D:13     | Found a gate to the Vaults.
 11096 | D:13     | Reached skill level 18 in Invocations
 11220 | D:13     | Found a portal to a secret trove of treasure.
 11337 | D:14     | Learned a level 5 spell: Iskenderun's Battlesphere
 11345 | D:14     | Learned a level 7 spell: Orb of Destruction
 11583 | D:15     | Entered Level 15 of the Dungeon
 11757 | D:15     | Found Omammang's Jewellery Boutique.
 11800 | D:15     | Bought the ring of Vinkef {*Slow Fly Str+6 Dex+6 Slay+3}
                  | for 970 gold pieces
 11883 | D:15     | Found a glowing silver altar of Zin.
 11883 | D:15     | Noticed an angel
 11931 | D:15     | Reached ****** piety under Lugonu
 11937 | D:15     | Identified a +4 scimitar of distortion (a +2 scimitar of
                  | freezing corrupted by Lugonu)
 11937 | D:15     | Received a gift from Lugonu
 12001 | D:15     | Found a staircase to the Depths.
 12018 | D:15     | Reached XP level 17. HP: 99/140 MP: 31/31
 12077 | D:15     | Reached skill level 5 in Shields
 12192 | Trove    | Entered a treasure trove
 12195 | Trove    | Found the +10 zealot's sword {holy, *Rage rN+ EV+3}
 12202 | Trove    | Identified the +7 lajatang of Destiny {freeze, rElec Int-3
                  | Dex+5}
 12203 | Trove    | Identified the +6 lajatang "Q" {holy, *Rage rC+ Str+5}
 12204 | Trove    | Identified the +6 battleaxe "Kecat Gassi" {flame, rPois rF+
                  | Str+10 Int-2}
 12205 | Trove    | Identified the +8 triple sword "Noilam" {vorpal, Will+}
 12349 | Spider:1 | Entered Level 1 of the Spider Nest
 12349 | Spider:1 | Noticed Asterion
 12355 | Spider:1 | Banished Asterion
 12382 | Spider:1 | Noticed Mlioglotl
 12401 | Spider:1 | Reached skill level 19 in Invocations
 12401 | Spider:1 | Killed Mlioglotl
 12806 | Spider:2 | Noticed Arachne
 12834 | Spider:2 | Mangled by Arachne

Illustrated notes

Levels and vault maps discovered:
D:1:      co_arrival_random_square_maze, layout_basic, serial_shops,
          nicolae_shop_advertising_works [nicolae_subvault_shop_adworks],
          shapermc_ecumenical_altar_starsandcircs, minmay_misc_feat_square
D:2:      minmay_recursive_quarters, layout_loops_ring, serial_shops,
          nicolae_shop_waterfront, chequers_serial_rivers_small_a,
          minmay_tromino_v4_c, uniq_jessica
D:3:      minmay_chambers_of_twos, layout_basic, uniq_crazy_yiuf_cottage,
          uniq_robin
D:4:      layout_basic, kennysheep_crisscross, minmay_misc_feat_diagonals
D:5:      layout_basic, minmay_temple_entry_large_hall, uniq_pikel
D:6:      layout_basic, nicolae_qazlal_style_of_elements
D:7:      layout_rooms, enter_bailey_3
D:8:      layout_rooms, gammafunk_temple_overflow_wave, minmay_crystal_water,
          lightli_corner_chamber
D:9:      layout_rooms, uniq_amaemon, uniq_prince_ribbit1, uniq_erolcha
D:10:     layout_cave_pools, tgw_kikubaaqudgha, serial_undead, serial_undead_e,
          serial_undead_f, serial_undead_c, serial_undead_f
D:11:     layout_cave_pods, grunt_lair_entry_orc_guard_hut
D:12:     nzn_winding_woodlands_three_and_one
          [nzn_winding_woodlands_5x15_longhouse,
          nzn_winding_woodlands_5x15_zeroes,
          nzn_winding_woodlands_5x15_split_checker,
          nzn_winding_woodlands_center_pierced_h], layout_loops_ring,
          orc_0_dummy
D:13:     layout_big_octagon, david_vaults_2, nicolae_trove_entry_isolated,
          chequers_mini_garden, uniq_kirke, uniq_maurice, uniq_urug
D:14:     minmay_connected_triangles_in_corner, layout_rooms, chequers_big_river
D:15:     hangedman_depths_entry_civil_slaughter, layout_basic, zin_angel,
          serial_shops, nicolae_lakefront_shop
Temple:   nicolae_temple_no_exploring_needed
Lair:1:   layout_gridlike, nzn_ghost_randoct, grunt_megastairs_2, uniq_maggie,
          uniq_harold
Lair:2:   layout_cave_pods, palyth_hydra_swamp_entry, minmay_lair_oklob_bushes,
          beast_lair_carwin_11, infiniplex_staircase_pool_2
Lair:3:   layout_regular_city, nicolae_spider_entry_non_spiders,
          nicolae_lair_grove_arrangements, cheibrodos_lair_lostbears
Lair:4:   layout_small_grid, grunt_megastairs_1
Lair:5:   grunt_lair_end_beastmaster, layout_concentric_octagons,
          dpeg_slime_entry_corner, serial_bayou_shore_a, uniq_sonja
Spider:1: layout_spider_delve, uniq_mlioglotl, uniq_asterion
Spider:2: layout_spider_delve, uniq_arachne, uniq_louise
Orc:1:    layout_diamond_mine
Orc:2:    kennysheep_orc_mage_school, layout_caves, basic_altar

Skill      XL: |  1  2  3  4  5  6  7  8  9 10 11 12 13 14 15 16 17 |
---------------+----------------------------------------------------+-----
Long Blades    | 4 5 6 7 9 11 12 14 | 14.0
Fighting       | 4 5 6 7 8 10 | 10.0
Dodging        | 1 2 3 4 5 7 8 9 11 12 13 | 13.5
Fire Magic     | 4 5 6 7 |  7.1
Spellcasting   | 3 6 |  6.1
Invocations    | 6 9 13 15 17 18 19 | 19.8
Poison Magic   | 4 5 |  5.0
Conjurations   | 6 10 12 14 | 14.0
Earth Magic    | 4 7 8 9 |  9.9
Shields        | 4 6 |  6.7

Action                   |  1- 3 |  4- 6 |  7- 9 | 10-12 | 13-15 | 16-18 || total
-------------------------+-------+-------+-------+-------+-------+-------++-------
Melee: Falchion          |    63 |   164 |   251 |    36 |     6 |     5 ||   525
       Punch             |       |     3 |     3 |    11 |     9 |       ||    26
       Scimitar          |       |       |       |   474 |   726 |   614 ||  1814
Throw: Dart              |     3 |     1 |     3 |     1 |     8 |     5 ||    21
 Cast: Scorch            |       |       |       |    44 |    26 |    30 ||   100
       Olgreb's Toxic Ra |       |       |       |     5 |    46 |    33 ||    84
       Iron Shot         |       |       |       |       |       |     4 ||     4
       Iskenderun's Batt |       |       |       |       |       |     1 ||     1
Invok: Fiery Armour      |       |     1 |     5 |     2 |       |       ||     8
       Depart the Abyss  |       |       |       |     1 |       |       ||     1
       Foxfire Swarm     |       |       |       |     1 |       |       ||     1
       Rising Flame      |       |       |       |     1 |       |       ||     1
       Banish            |       |       |       |       |     6 |     3 ||     9
       Brand Weapon With |       |       |       |       |       |     1 ||     1
Evoke: Wand              |       |       |       |     2 |       |     1 ||     3
  Use: Scroll            |       |    12 |     5 |     3 |    13 |    14 ||    47
       Potion            |       |       |    10 |     3 |     1 |    10 ||    24
 Stab: Distracted        |       |       |     1 |       |       |       ||     1
       Paralysed         |       |       |       |     4 |       |       ||     4
       Sleeping          |       |       |       |     1 |       |       ||     1
Armor: Robe              |    15 |    51 |   183 |   214 |    10 |       ||   473
       Troll leather arm |       |       |       |       |   179 |       ||   179
       Steam dragon scal |       |       |       |       |    51 |   233 ||   284
Dodge: Dodged            |    31 |    88 |   245 |   344 |   564 |   553 ||  1825
       Repelled          |       |       |       |       |       |     7 ||     7
Block: Buckler           |       |       |       |       |       |   225 ||   225

Table legend: (Time is in decaauts)
 A = Elapsed time spent in this place.
 B = Non-inter-level travel time spent in this place.
 C = Inter-level travel time spent in this place.
 D = Time resting spent in this place.
 E = Time spent auto-exploring this place.
 F = Levels seen in this place.
 G = Mean time per level.
                   A        B        C        D        E       F      G
               +--------+--------+--------+--------+--------+-----+--------+
         Total |  12363 |  11364 |    999 |     73 |   5079 |  28 |  441.5 |
       Dungeon |   8464 |   7868 |    596 |     45 |   4184 |  15 |  564.3 |
        Temple |      1 |      1 |      0 |      0 |      0 |   1 |    1.0 |
          Lair |   2640 |   2309 |    331 |      6 |    773 |   5 |  528.0 |
   Spider Nest |    351 |    335 |     16 |      0 |     34 |   2 |  175.5 |
  Orcish Mines |    648 |    593 |     55 |      0 |     88 |   2 |  324.0 |
         Abyss |     39 |     39 |      0 |      0 |      0 |   1 |   39.0 |
         Trove |     24 |     24 |      0 |      0 |      0 |   1 |   24.0 |
        Bailey |    192 |    192 |      0 |     22 |      0 |   1 |  192.0 |
               +--------+--------+--------+--------+--------+-----+--------+

Top non-repeatable levels by time:
  Lair:2: 931 daAuts
    D:12: 810 daAuts
  Lair:5: 725 daAuts
    D:11: 683 daAuts
     D:2: 668 daAuts
     D:5: 641 daAuts
     D:8: 638 daAuts
    D:14: 638 daAuts
  Lair:3: 629 daAuts
     D:6: 612 daAuts
     D:4: 579 daAuts
     D:9: 558 daAuts
    D:15: 534 daAuts
     D:3: 532 daAuts
   Orc:2: 455 daAuts
